 Dungeon Crawl Stone Soup version 0.18-a0-596-g6468885 (webtiles) character file.

105 Duffy the Chopper (level 4, -3/39 HPs)
             Began as a Hill Orc Fighter on Dec 3, 2015.
             Slain by Grinder (6 damage)
             ... while paralysed by Grinder
             ... on level 3 of the Dungeon.
             The game lasted 00:03:35 (1972 turns).

Duffy the Chopper (Hill Orc Fighter)                Turns: 1972, Time: 00:03:35

Health: -3/39      AC:  8    Str: 19    XL:     4   Next: 83%
Magic:  4/4        EV:  2    Int:  8    God:
Gold:   136        SH:  0    Dex: 10    Spells: 0 memorised, 3 levels left

rFire  . . .     SeeInvis .     a - +0 war axe
rCold  . . .     Clarity  .     b - +0 scale mail
rNeg   . . .     SustAt   .     c - +0 shield
rPois  .         Gourm    .     k - +0 helmet
rElec  .         Spirit   .     (no cloak)
rCorr  .         Dismiss  .     (no gloves)
rMut   .         Stasis   .     (no boots)
MR     .....                    (no amulet)
Stlth  ..........               (no ring)
                                (no ring)

@: paralysed, not resistant to hostile enchantments, extremely unstealthy
A: no striking features
a: no special abilities


You were on level 3 of the Dungeon.
You were hungry.

You visited 1 branch of the dungeon, and saw 3 of its levels.

You collected 136 gold pieces.


   Skills:
 - Level 3.6 Fighting
 + Level 6.4 Axes
 - Level 3.2 Armour
 - Level 3.2 Shields


You had 3 spell levels left.
You didn't know any spells.

Inventory:

Hand Weapons
 a - a +0 war axe (weapon)
Missiles
 i - 15 poisoned needles
Armour
 b - a +0 scale mail (worn)
 c - a +0 shield (worn)
 k - a +0 helmet (worn)
Wands
 q - a wand of flame (0)
Scrolls
 f - a scroll of blinking {unknown}
 g - a scroll of identify {unknown}
 j - a scroll of magic mapping {unknown}
 n - a scroll of recharging {unknown}
 o - 2 scrolls of fear {unknown}
Potions
 d - a potion of might
 h - a potion of curing {unknown}
 l - 2 potions of magic {unknown}
 m - 2 potions of heal wounds {unknown}
 r - a potion of flight {unknown}
Comestibles
 e - a bread ration

Dungeon Overview and Level Annotations

Branches:
Dungeon (3/15)

Altars:
Elyvilon
Pakellas

Annotations:
D:3 Grinder


Message History

You are too injured to fight recklessly!
You are too injured to fight recklessly!
You are too injured to fight recklessly!
You are too injured to fight recklessly!
You are too injured to fight recklessly!
You are too injured to fight recklessly!
You are too injured to fight recklessly!
You are too injured to fight recklessly!
You are too injured to fight recklessly!
You hit Grinder but do no damage.
Grinder is moderately wounded.
Grinder gestures at you.
You suddenly lose the ability to move!
Grinder hits you but does no damage. x2
Grinder says, "Tell me all your secrets, or I'll kill you."
Grinder hits you but does no damage. Grinder hits you but does no damage.
Grinder gestures at you.
You barely resist.
You can move again.
You block Grinder's attack.
There is a stone staircase leading up here.
You closely miss Grinder.
Grinder is moderately wounded.
Grinder hits you but does no damage.
A rat comes into view.
You hit Grinder.
Grinder is heavily wounded.
Grinder gestures at you.
You suddenly lose the ability to move!
Grinder hits you. Grinder hits you but does no damage. Grinder gestures at you.
You shrug off the repeated paralysis!
The rat barely misses you. Grinder hits you!
You writhe in agony.
You die...

##### ....# .##.## .#...#
.#.8.# ####### ### .#...#
#####.....# ###.#
.##.#######...).....# #...#
..#.#.>.........5...# ####..##
.##.##.#####.###@#### #.....#
##...###...#.##.r# ##.##.##
..._.....8...##.########.....#
##.(.###...####.#.....%...(###
.##.## ######.....#.####..##
#.# .....#.#...####>.# ##.##
...#......####....# #...# ##
#..########...## ##.8.#
....#........###


You could see Grinder and a rat.

Action                   |  1- 3 |  4- 6 || total
-------------------------+-------+-------++-------
Melee: War axe           |    93 |    44 ||   137
  Eat: Chunk             |       |     3 ||     3

Notes
Turn   | Place    | Note
--------------------------------------------------------------
     0 | D:1      | Duffy the Hill Orc Fighter began the quest for the Orb.
     0 | D:1      | Reached XP level 1. HP: 19/19 MP: 1/1
    23 | D:1      | Reached skill level 3 in Axes
   228 | D:1      | Reached XP level 2. HP: 26/26 MP: 2/2
   318 | D:1      | Reached skill level 4 in Axes
   576 | D:2      | Reached XP level 3. HP: 27/31 MP: 3/3
   652 | D:2      | Reached skill level 5 in Axes
  1035 | D:2      | Reached XP level 4. HP: 39/39 MP: 4/4
  1423 | D:3      | Found a white marble altar of Elyvilon.
  1443 | D:3      | Reached skill level 6 in Axes
  1627 | D:3      | Found an oddly glowing altar of Pakellas.
  1725 | D:3      | Noticed Grinder
  1734 | D:3      | Paralysed by Grinder for 3 turns
  1743 | D:3      | Paralysed by Grinder for 7 turns
  1953 | D:3      | Paralysed by Grinder for 3 turns
  1961 | D:3      | Paralysed by Grinder for 6 turns
  1969 | D:3      | Paralysed by Grinder for 7 turns
  1972 | D:3      | Slain by Grinder

Vault maps used:
D:1:      ncdulo_halloftheorcs
D:3:      elyvilon_altar_1, johnstein_pakellas_death_squad, uniq_grinder

Vanquished Creatures
  4 adders
  3 gnolls
  An ooze
  A giant gecko
  3 giant cockroaches
  4 goblins
  6 hobgoblins
  A ball python
  2 bats
  A giant newt
  7 kobolds
  9 rats
42 creatures vanquished.
